Cogmind - Beta 15 @@@ ROGUE MODE // 2025.05.12 @ 22:27:01 Player: DuckBoy Result: Destroyed by QB-9Y9(R) with Subdweller Laser Performance ------------- Evolutions (0) 0 Regions Visited (2) 400 Robots Destroyed (27) 135 Value Destroyed (306) 306 Prototype IDs (0) 0 Alien Tech Used (0) 0 Bonus (0) 0 TOTAL SCORE: 841 Bonus ------- None Cogmind --------- Core Integrity 0/250 Matter 11/300 Energy 265/265 System Corruption 0% Temperature Cool (6) Movement Core (1550) Ox30 Location -10/Subcaves Parts ------- > --- POWER (1) -------- Improved Ion Engine > --- PROPULSION (2) --- (None) > --- UTILITY (2) ------ Huge Storage Unit > --- WEAPON (2) ------- Autogun Autogun > --- INVENTORY (25) --- Ion Engine Ion Engine Improved Ion Engine Aluminum Leg Aluminum Leg Compact Wheel Compact Wheel Large Storage Unit Assault Rifle Assault Rifle Light Assault Rifle Autogun Autogun Grenade Launcher Grenade Launcher Grenade Launcher Grenade Launcher Grenade Launcher Multitool Mining Claw Peak State ------------ > --- POWER ------------ Improved Ion Engine > --- PROPULSION ------- Light Treads Light Treads > --- UTILITY ---------- Huge Storage Unit Light Armor Plating > --- WEAPON ----------- Autogun Autogun > --- INVENTORY -------- Ion Engine Ion Engine Improved Ion Engine Light Treads Aluminum Leg Aluminum Leg Compact Wheel Compact Wheel Large Storage Unit Medium Laser Assault Rifle Assault Rifle Light Assault Rifle Autogun Autogun Grenade Launcher Grenade Launcher Grenade Launcher Grenade Launcher Grenade Launcher Multitool Mining Claw [Rating: 12] Favorites ----------- Power Improved Ion Engine Engine Improved Ion Engine Propulsion Light Treads Treads Light Treads Wheel Compact Wheel Utility Light Armor Plating Storage Huge Storage Unit Protection Light Armor Plating Weapon Medium Laser Energy Gun Medium Laser Ballistic Gun Assault Rifle Launcher Grenade Launcher Build | -11 -10 -10 ------- Run | Yrd Mat Sub Slots Evolved . | . . . Power . | . . . Propulsion . | . . . Utility . | . . . Weapon . | . . . Parts Attached 19 | 8 7 4 Power 2 | 1 1 . Engine 2 | 1 1 . Core . | . . . Reactor . | . . . Propulsion 5 | 4 . 1 Treads 3 | 2 . 1 Leg . | . . . Wheel 2 | 2 . . Hover . | . . . Flight . | . . . Utility 6 | 1 5 . Device . | . . . Storage 5 | 1 4 . Processor . | . . . Hackware . | . . . Protection 1 | . 1 . Artifact . | . . . Weapon 6 | 2 1 3 Energy Gun 1 | 1 . . Energy Cannon . | . . . Ballistic Gun 4 | 1 . 3 Ballistic Cannon . | . . . Launcher 1 | . 1 . Special Weapon . | . . . Impact Weapon . | . . . Slashing Weapon . | . . . Piercing Weapon . | . . . Special Melee Weapon . | . . . Unidentified Prototypes . | . . . Parts Lost 5 | . . 5 Power . | . . . Propulsion 3 | . . 3 Utility 1 | . . 1 Weapon 1 | . . 1 Highest Loss Streak 3 | . . 3 To Critical Strikes . | . . . Average Backups 16 | 2 12 21 Power 2 | . 2 3 Propulsion 4 | 1 4 4 Utility . | . . 1 Weapon 8 | . 5 12 Tool/Special . | . . . Unused Backups 14 | . 1 13 Power 2 | . . 2 Propulsion 2 | . . 2 Utility . | . . . Weapon 9 | . 1 8 Tool/Special 1 | . . 1 Average Slot Usage (%) 97 | . 97 98 Engine 14 | . 14 14 Treads 28 | . 28 28 Storage 14 | . 14 14 Protection 12 | . 11 12 Energy Gun 13 | . 14 13 Ballistic Gun 6 | . 6 6 Launcher 7 | . 7 8 Peak Build Rating 12 | 6 10 12 Average Rating 9 | 5 8 10 On Entrance 5 | . 6 10 Naked Turns . | . . . Heaviest Build 95 | 14 95 95 Greatest Support 40 | 40 40 40 Greatest Overweight (x) 2 | 1 2 2 Average Overweight (x) 1 | . . 2 Largest Inventory Capacity 25 | 8 25 25 Average Capacity 20 | 7 18 25 Most Carried 22 | 4 21 22 Average Carried 16 | 2 12 21 Final Capacity 25 | 8 25 25 Final Carried 21 | 4 21 20 Class Distribution -------------------- 100% | Mutant Dominant Class ---------------- Mutant | -10/Materials Mutant | -10/Subcaves Resources | -11 -10 -10 ----------- Run | Yrd Mat Sub Matter Collected 510 | 178 241 91 Remotely . | . . . Salvage Created 380 | . 343 37 Parts 46 | . 39 7 Haulers Intercepted 2 | . 2 . Recyclers Shooed . | . . . Parts Field Recycled . | . . . Retrieved Matter . | . . . Parts Self-Destructed 5 | . . 5 Prevented . | . . . Kills | -11 -10 -10 ------- Run | Yrd Mat Sub Combat Hostiles Destroyed 18 | . 14 4 Guns 5 | . 5 . AOE 13 | . 9 4 Classes Destroyed 7 | . 6 1 Worker 1 | . 1 . Builder 3 | . 3 . Hauler 2 | . 2 . Watcher 3 | . 3 . Swarmer 16 | . 12 4 Grunt 2 | . 2 . Artisan 1 | . . 1 Best Kill Streak 6 | . 6 4 Combat Bots Only 4 | . 3 4 Max Kills in Single Turn 3 | . 3 1 Gunslinging . | . . . Exploded 3 | . 3 1 Melee . | . . . Uniques/NPCs Destroyed . | . . . Combat | -11 -10 -10 -------- Run | Yrd Mat Sub Hostile Shots Fired 108 | . 40 68 Missed 30 | . 17 13 Hits 78 | . 23 55 Projectile 78 | . 23 55 Critical Strikes 2 | . . 2 Damage Taken 1241 | . 269 972 Core 266 | . 41 225 Absorbed by Shields . | . . . Core Remaining (%) 100 | 100 . . Volleys Fired 72 | . 33 39 Largest 2 | . 2 2 Hottest 80 | . 80 73 Shots Fired 118 | . 53 65 Gun 93 | . 41 52 Cannon . | . . . Launcher 25 | . 12 13 Special . | . . . Kinetic 47 | . 12 35 Thermal 46 | . 29 17 Explosive 25 | . 12 13 Electromagnetic . | . . . Robot Hit Streak 17 | . 7 17 Robot Miss Streak 3 | . 3 1 Penetration Max . | . . . Secondary Targets . | . . . Shots Hit Robots 68 | . 25 43 Core Hits 39 | . 31 8 Critical Kills . | . . . Critical Parts Destroyed . | . . . Critical Strikes . | . . . Melee Attacks . | . . . Impact . | . . . Slashing . | . . . Piercing . | . . . Sneak Attacks . | . . . Combat Hostiles . | . . . Follow-up Attacks . | . . . Damage Inflicted 1463 | . 1214 249 Guns 339 | . 282 57 Cannons . | . . . Explosions 1108 | . 932 176 Melee . | . . . Ramming 16 | . . 16 Kinetic 123 | . 79 44 Thermal 216 | . 203 13 Explosive 1108 | . 932 176 Electromagnetic . | . . . Impact . | . . . Slashing . | . . . Piercing . | . . . Highest Corruption . | . . . Average Corruption . | . . . Corruption Purged . | . . . Corruption Blocked . | . . . Overload Shots . | . . . Overflow Damage 147 | . 147 . Projectiles . | . . . Explosions 147 | . 147 . Melee . | . . . Knockbacks 1 | . . 1 Impact 1 | . . 1 Kinetic . | . . . Secondary . | . . . Self-Inflicted Damage 57 | . 57 . Shots 3 | . 3 . Rammed 6 | . . 6 Targets Rammed 6 | . . 6 Kicked . | . . . Crushed . | . . . Highest Temperature 173 | . 173 3 Average Temperature 37 | . 40 3 Received Heat Transfer 294 | . 24 270 Siege Activations . | . . . Martial Activations . | . . . Shielding Activations . | . . . Robots Disrupted . | . . . Combat Hostiles . | . . . Robots Corrupted . | . . . Combat Hostiles . | . . . Parts Fried . | . . . Impact Corruptions . | . . . Robots Melted . | . . . Combat Hostiles . | . . . Parts Melted 1 | . 1 . Heat Transferred 629 | . 592 37 Parts Sabotaged . | . . . Parts Stolen . | . . . Parts Stripped . | . . . Power Chain Reactions . | . . . Alert | -11 -10 -10 ------- Run | Yrd Mat Sub Maximum Alert Level 1 | . 1 . Low Security (%) 88 | 100 87 . Level 1 11 | . 12 . Level 2 . | . . . Level 3 . | . . . Level 4 . | . . . Level 5 . | . . . High Security . | . . . Max Security . | . . . Peak Influence 251 | . 251 . Initial . | . . . Average 121 | . 128 . Influence Increases 714 | . 529 185 Destroy 0b10 Robot/C 360 | . 280 80 Destroy 0b10 Robot/NC 45 | . 45 . Destroy Leader 60 | . 60 . Successful Hack 23 | . 23 . Disable Machine 15 | . 15 . Destroy Structure 76 | . 76 . Lose Combat Pursuer 135 | . 30 105 Influence Decreases 714 | . 446 268 Entered New Map 41 | . . 41 Time Decay 673 | . 446 227 Squads Dispatched 1 | . 1 . Investigation . | . . . Extermination . | . . . Reinforcement 1 | . 1 . Assault . | . . . Garrison . | . . . Intercept . | . . . Searches Triggered . | . . . Construction Impeded . | . . . Haulers Reinforced . | . . . Active Scanning Responses . | . . . Cargo Convoy Interrupts . | . . . Stealth | -11 -10 -10 --------- Run | Yrd Mat Sub Distress Signals 2 | . 2 . Communications Jammed . | . . . Distress Signals . | . . . Times Spotted 28 | . 24 4 Peak Tracking Total 5 | . 5 3 Tactical Retreats 2 | . 1 1 Traps | -11 -10 -10 ------- Run | Yrd Mat Sub Traps Triggered 1 | . 1 . Indirectly . | . . . Trap Hack Attempts . | . . . Triggered . | . . . Disarmed . | . . . Reprogrammed . | . . . Reused . | . . . Traps Extracted . | . . . Installed . | . . . Triggered . | . . . Machines | -11 -10 -10 ---------- Run | Yrd Mat Sub Machines Disabled 2 | . 1 1 Max in Single Turn 1 | . 1 1 Machines Repaired . | . . . Machines Dismantled . | . . . Machines Sabotaged . | . . . Overloaded Fab Kills . | . . . Hacking | -11 -10 -10 --------- Run | Yrd Mat Sub Machines Accessed 6 | . 6 . Terminals 5 | . 5 . Fabricators . | . . . Repair Stations . | . . . Recycling Units 1 | . 1 . Scanalyzers . | . . . Garrison Access . | . . . Total Hacks 13 | . 13 . Successful 3 | . 3 . Failed 10 | . 10 . Catastrophic 1 | . 1 . Database Lockouts . | . . . Manual 6 | . 6 . Terminals 12 | . 12 . Fabricators . | . . . Repair Stations . | . . . Recycling Units 1 | . 1 . Scanalyzers . | . . . Garrison Access . | . . . Terminal Hacks 2 | . 2 . Branch Access Points 1 | . 1 . Transport Status 1 | . 1 . Fabricator Hacks . | . . . Repair Station Hacks . | . . . Recycling Unit Hacks . | . . . Scanalyzer . | . . . Garrison Access Hacks . | . . . Unauthorized Hacks 1 | . 1 . Terminals 1 | . 1 . Botnet 1 | . 1 . Fabricators . | . . . Repair Stations . | . . . Recycling Units . | . . . Scanalyzers . | . . . Garrison Access . | . . . Data Cores Recovered . | . . . Used . | . . . Hacking Detections 6 | . 6 . Full Trace Events . | . . . Feedback Events . | . . . Feedback Blocked . | . . . Robot Schematics Acquired . | . . . Robots Built . | . . . Authchips . | . . . Time . | . . . Total Robot Build Rating . | . . . Part Schematics Acquired . | . . . Parts Built . | . . . Authchips . | . . . Time . | . . . Total Part Build Rating . | . . . Parts Repaired . | . . . Time . | . . . Parts Recycled . | . . . Recycled Matter . | . . . Retrieved Matter . | . . . Retrieved Components . | . . . Parts Scanalyzed . | . . . Part Schematics Acquired . | . . . Parts Damaged . | . . . Bothacking | -11 -10 -10 ------------ Run | Yrd Mat Sub Used RIF Installer . | . . . Robots Hacked . | . . . Non-combat . | . . . Combat . | . . . Robot Hacks Applied . | . . . Relay Couplers Released . | . . . Fabnet Peak Effective % . | . . . Robots Rewired . | . . . Allies Hacked . | . . . Hacks Repelled . | . . . Allies | -11 -10 -10 -------- Run | Yrd Mat Sub Total Allies . | . . . Largest Group . | . . . Highest-Rated Group . | . . . Highest-Rated Ally . | . . . Total Orders . | . . . Ally Attacks . | . . . Total Damage . | . . . Kills . | . . . Allies Corrupted . | . . . Allies Melted . | . . . Intel | -11 -10 -10 ------- Run | Yrd Mat Sub Active Infowar (turns) . | . . . Robot Analysis Total . | . . . Derelict Logs Recovered 1 | . . 1 Drone Launches . | . . . Drone Recoveries . | . . . Exploration | -11 -10 -10 ------------- Run | Yrd Mat Sub Turns Passed 2648 | 78 1363 1207 Spaces Moved 893 | 52 581 260 Core 3 | 3 . . Treads 861 | 20 581 260 Legs . | . . . Wheels 29 | 29 . . Hover . | . . . Flight . | . . . Fastest Speed 50 | 50 160 320 Average Speed 239 | 121 213 320 Slowest Speed 320 | 160 320 320 Overloaded Moves . | . . . Propulsion Burnouts . | . . . Robots Hopped . | . . . Potential Cave-ins . | . . . Cave-ins Triggered . | . . . Exploration Rate (%) 35 | 4 86 16 Regions Visited 2 Branch Regions 1 Pre-discovered Areas . | . . . Known Exits Taken . | . . . Unknown Exits Taken 2 | 1 1 . Scrap Searched . | . . . Spaces Dug 23 | . 18 5 Terrain Destroyed 131 | . 77 54 Melee . | . . . Projectile . | . . . AOE 131 | . 77 54 Terrain Rammed . | . . . Walls Destroyed . | . . . Machines Disabled . | . . . Actions | -11 -10 -10 --------- Run | Yrd Mat Sub Total 1274 | 63 648 563 Wait 258 | . 6 252 Move 891 | 51 580 260 Hop . | . . . Pick Up 21 | 4 16 1 Fast Attach 7 | 6 1 . Attach 2 | . . 2 Detach . | . . . Swap 13 | 2 8 3 Drop 4 | . 4 . Fire 72 | . 33 39 Melee . | . . . Ram . | . . . Kick . | . . . Crush 6 | . . 6 Escape Stasis . | . . . Rewire . | . . . Trap . | . . . Miscellaneous . | . . . Route ------- -11/Scrapyard -10/Materials (discovered 5 exits: [*Mat x2] / *Min x2 / [*Sub]) -10/Subcaves (discovered 1 exit: Mat) History --------- Turn | Location | Event 22 | -11/Scrapyard | Discovered new exit (range 15) 79 | -11/Scrapyard | Entered Materials 318 | -10/Materials | Build established: Mutant 431 | -10/Materials | Discovered new exit (range 12) 563 | -10/Materials | Discovered new exit (range 7) 709 | -10/Materials | Discovered new exit (range 15) 1334 | -10/Materials | Discovered new exit (range 11) 1340 | -10/Materials | Identified exit to Mines 1416 | -10/Materials | Discovered new exit (range 9) 1442 | -10/Materials | Entered Subcaves 1642 | -10/Subcaves | Identified exit to Materials 1688 | -10/Subcaves | Ambushed by Subdweller buried in earth 2531 | -10/Subcaves | Ambushed by angry Subdweller bent on revenge 2586 | -10/Subcaves | Core integrity fell below 50% 2618 | -10/Subcaves | Lost 3 parts (1n1u1w) 2634 | -10/Subcaves | Core integrity fell below 20% 2649 | -10/Subcaves | Destroyed by QB-9Y9(R) with Subdweller Laser Last Messages --------------- 01701_ The unstable cave ceiling collapses. 01738_ Acquired 9 matter. 01747_ Acquired 13 matter. 02064_ Acquired 5 matter. 02071_ Acquired 6 matter. 02138_ BX-DJM(u) tweaks Twisted Machinery. 02514_ BX-DJM(u) cries out in pain. 02514_ BX-DJM(u) destroyed. 02520_ Subatomizers dissect the Multitool. 02520_ Acquired Multitool. 02521_ Acquired 19 matter. 02531_ QB-9Y9(R) angrily emerges from the Twisted Machinery. 02531_ QB-9Y9(R): "SUBMAD!" 02549_ Critical hit (Destroy). 02551_ Lgt. Armor Plating destroyed. 02567_ Lgt. Treads destroyed. 02587_ Med. Laser destroyed. 02625_ Slammed into QB-9Y9(R). 02641_ QB-9Y9(R) knocked back. 02643_ Lgt. Treads destroyed. Map ----- +----------------------------------------------------+ | ?????????????????????????????????????????????????? | | ?????????????????????????????????????????????????? | | ?????????????????????????????????????????????????? | | ?????????????????????????????????????????????????? | | ?????????????????????????????????????????????????? | | ?????????????????????????????????????????????????? | | ??????????????????????#??????????????????????????? | | ????????????????????? ##?????????????????????????? | | ????????????????????? ##????????????????????????? | | ????????????????????? #????????????????????????? | | ???????????????????## #????????????????????????? | | ??????????????????## #?????????????????????????? | | ????????????##???## #?????????????????????????# | | ???????????##"#### #????????????????????????## | | ???????????#""""" #????????????????####???## | | ???????????##""""" #????????????###### ##### | | ????????####""" "" #?????????#### ## | | ???????## "" ##?????#### # | | ???????# "" """ ##???## ## # | | ???????# ""### "" ##?## #### | | ??????# """??## " "" ### #??# | | ??????# ""????#""" #??# | | ??????"?""" " "### ## ###??# | | ??????????? """"#?## ###########????##### | | ?????????? ##??## R#??????????????????#### | | ???????????#### #???##@ #?????????????????????? | | ??????????????### #???# #?????????????????????? | | ????????????????## #???#####?????????????????????? | | ??????????????????##?????????????????????????????? | | ?????????????????????????????????????????????????? | | ?????????????????????????????????????????????????? | | ?????????????????????????????????????????????????? | | ?????????????????????????????????????????????????? | | ?????????????????????????????????????????????????? | | ?????????????????????????????????????????????????? | | ?????????????????????????????????????????????????? | | ?????????????????????????????????????????????????? | | ?????????????????????????????????????????????????? | | ?????????????????????????????????????????????????? | | ?????????????????????????????????????????????????? | | ?????????????????????????????????????????????????? | | ?????????????????????????????????????????????????? | | ?????????????????????????????????????????????????? | | | | | | | | | | | | | | | +----------------------------------------------------+ Best States ------------- Heat Dissipation 25 Energy Generation 12 Energy Capacity 265 Matter Stores 263 Matter Capacity 300 Sight Range 16 Terrain Scan Density 10 Armor Coverage 150 Evasion (%) 40 Recoil Reduction 2 Item Schematics ----------------- None Robot Schematics ------------------ None Fabricated ------------ Nothing Repaired ---------- Nothing Alien Tech Used ----------------- None Achievements -------------- None Challenges ------------ None Game ------ Seed RelayThermalHumpback Manual? 0 Play Time 00:12:10 Cumulative 476.3 hours Start 2025.05.12 @ 22:15:30 End 2025.05.12 @ 22:27:01 Sessions 1 Manual Loads 0 Difficulty Rogue Special Mode None Game No. 305 Rogue 302 Adventurer 3 Explorer 0 Win Type - Total 8 Types 7/0/1/0/0/0/0/0/0/0 Lore% 69 Gallery% 70 Achievement% 67 Wizard Run 0 Options --------- Layout 0 ASCII 0 Keyboard 0 Movement Numpad Keybinds 0 Fullscreen 1 Font 18/SmallcapsGlow Map View 76x50 Zoom Use 0% Tactical HUD 1 Map Filters NONE Filters NONE Steam 1 RUN: 5b29abdf-dcff-46b8-92fd-49e722c54e8c